 Dungeon Crawl Stone Soup version 0.31-a0-716-gc7603755dd (webtiles) character file.

Game seed: 6031082627555155520

1827 BlakeNightgale the Slasher (level 8, 0/71 HPs)
             Began as a Minotaur Fighter on Sept 10, 2023.
             Was a Believer of Lugonu.
             Succumbed to a killer bee's poison
             ... on level 6 of the Dungeon.
             The game lasted 00:49:04 (3751 turns).

BlakeNightgale the Slasher (Minotaur Fighter)       Turns: 3751, Time: 00:49:05

Health: 0/71       AC: 12    Str: 22    XL:     8   Next: 86%
Magic:  8/8        EV: 11    Int:  5    God:    Lugonu [**....]
Gold:   113        SH:  0    Dex: 11    Spells: 7/7 levels left

rFire   . . .        l - +0 dire flail (distort)
rCold   . . .        (shield currently unavailable)
rNeg    + . .        e - +0 scale mail
rPois   .            (helmet restricted)
rElec   .            (no cloak)
rCorr   .            (no gloves)
SInv    .            (no boots)
Will    .....        (no amulet) Stlth
                     H - +4 ring of protection
HPRegen 0.31/turn    q - ring of positive energy
MPRegen 0.11/turn

%: no passive effects
@: mighty, lethally poisoned (0 -> -1), marked
A: horns 2, retaliatory headbutt
a: Renounce Religion, Depart the Abyss, Banish


You were on level 6 of the Dungeon.
You worshipped Lugonu.
Lugonu was pleased with you.
You visited 2 branches of the dungeon, and saw 7 of its levels.
You visited the Abyss 1 time.

You collected 113 gold pieces.

Inventory:

Hand Weapons
 a - a +1 long sword
 h - a +0 dagger
 k - a +0 short sword
 l - a +0 dire flail of distortion (weapon)
 o - a +0 hand axe
 p - a +0 whip
 r - a +0 dagger
 s - a +0 sling
 t - a +0 dagger
 v - a +0 club
 y - a +0 short sword
 z - a +0 club
 A - a +0 club
 B - a +0 dagger
 D - a +0 whip
 F - a +0 whip
 I - a +0 dagger
 K - a +0 dagger
 M - a +0 dagger
 N - a +0 trident
 P - a +0 dagger
 S - a +0 flail
 T - a +0 dagger
 W - a +0 giant club
 X - a +0 club
 Y - a +0 heavy spear
 Z - a +0 flail
Missiles
 n - 7 poisoned darts
 E - 14 stones
Armour
 b - a +1 scale mail
 c - a +0 buckler
 e - a +0 scale mail (worn)
 g - a +0 robe
 i - a +0 leather armour
 j - a +0 leather armour
 m - a +0 ring mail
 w - a +0 animal skin
 C - a +0 ring mail
 G - a +0 helmet
 L - a +0 robe
 O - a +0 plate armour
 Q - a +2 ring mail of poison resistance
 R - a +0 chain mail
 U - a +0 chain mail
Jewellery
 q - a ring of positive energy (right hand)
 H - a +4 ring of protection (left hand)
Scrolls
 f - a scroll of identify
 x - a scroll of enchant armour
 J - 2 scrolls of blinking
 V - a scroll of poison
Potions
 d - a potion of might
 u - a potion of degeneration {unknown}


   Skills:
 + Level 6.3 Fighting
 + Level 7.6 Long Blades
 + Level 4.8 Maces & Flails
 + Level 7.4 Armour
 + Level 3.0 Dodging
 + Level 1.6 Stealth
 + Level 5.3 Shields
 + Level 1.6 Invocations


You had 7 spell levels left.
You didn't know any spells.
Your spell library contained the following spells:

 Spells                   Type           Power      Damage    Failure   Level
 Ozocubu's Armour         Ice            0%         N/A       98%         3
 Metabolic Englaciation   Hex/Ice        0%         N/A       100%        5
 Simulacrum               Ice/Necr       0%         N/A       100%        6


Dungeon Overview and Level Annotations

Branches:
Dungeon (6/15)             Temple (1/1) D:5

Altars:
Ashenzari
Cheibriados
Dithmenos
Elyvilon
Fedhas
Hepliaklqana
Kikubaaqudgha
Makhleb
Nemelex Xobeh
Okawaru
Qazlal
Ru
Sif Muna
Trog
Uskayaw
Vehumet
Wu Jian
Xom
Yredelemnul
Zin
The Shining One

Shops:
D:3 [(   D:4 :   D:6 !


Innate Abilities, Weirdness & Mutations

You have a pair of horns on your head.
You reflexively headbutt those who attack you in melee.


Message History

* * * LOW HITPOINT WARNING * * *
The killer bee stings you but does no damage.
Press: ? - help, Shift-Dir - straight line, f - killer bee
Aim: a killer bee (chance to affect: 85%)
You fail to use your ability.
* * * LOW HITPOINT WARNING * * *
You feel sick.
The killer bee stings you but does no damage.
The killer bee closely misses you. You furiously retaliate!
You headbutt the killer bee!
* * * LOW HITPOINT WARNING * * *
You feel sick.
The killer bee attacks as it pursues you!
The killer bee stings you but does no damage.
The killer bee closely misses you. You furiously retaliate!
You headbutt the killer bee!
You kill the killer bee!
Lugonu accepts your kill.
* * * LOW HITPOINT WARNING * * *
You feel sick.
An orc wizard comes into view. It is wielding a +0 dagger.
* * * LOW HITPOINT WARNING * * *
You feel sick.
The killer bee attacks as it pursues you!
The killer bee stings you but does no damage.
The killer bee closely misses you.
* * * LOW HITPOINT WARNING * * *
You feel sick.
The killer bee attacks as it pursues you!
The killer bee stings you but does no damage.
The killer bee closely misses you. You furiously retaliate!
You headbutt the killer bee!
Blink to where?
Press: ? - help, Dir - move target, p - killer bee
Okay, then.
* * * LOW HITPOINT WARNING * * *
You feel sick.
The killer bee attacks as it pursues you!
The killer bee barely misses you. The killer bee closely misses you.
You die...

....... ...#####.# #...#
#o# #.# #.# #.# #.# #.#
#.# ##'## #y# ##...##
##y#
##.....#########.#.##
##.......##.....@###.#
#.........#.##..∩.#.####
'.........'.............
#.........#.##...<.#####
##.......##.###.#..#
##.....###.#####..#
##...## #........# ##'##
#########.# #.#
#.......#.#


You could see 2 killer bees.

Vanquished Creatures
  Grinder (D:4)
  Menkaure (D:4)
  Edmund (D:4)
  A black bear (D:5)
  An ice beast (D:5)
  2 ogres
  2 bullfrogs
  2 scorpions
  3 killer bees (D:6)
  A howler monkey (D:5)
  A jelly (D:5)
  2 orc priests
  3 hounds (D:6)
  2 sleepcaps
  3 orc wizards
  Terence (D:2)
  Robin (D:3)
  6 adders
  5 gnolls
  A shadow imp (D:5)
  A white imp (D:6)
  2 dart slugs
  10 orcs
  5 ball pythons
  2 bats
  6 endoplasms
  3 giant cockroaches
  5 hobgoblins (D:3)
  5 jackals
  3 kobolds
  A quokka (D:4)
  5 frilled lizards
  11 goblins
  3 rats
102 creatures vanquished.

Notes
Turn   | Place    | Note
-------+----------+-------------------------------------------
     0 | D:1      | BlakeNightgale the Minotaur Fighter began the quest for the
                  | Orb.
     0 | D:1      | Reached XP level 1. HP: 19/19 MP: 0/0
   105 | D:2      | Noticed Terence
   142 | D:3      | Found Farel's Antique Weapon Shoppe.
   170 | D:3      | Noticed an orc priest
   178 | D:3      | Reached XP level 2. HP: 13/27 MP: 1/1
   186 | D:3      | Reached XP level 3. HP: 7/33 MP: 2/2
   301 | D:3      | Found Immiaryv's Antique Armour Boutique.
   359 | D:3      | Noticed Robin
   382 | D:3      | Killed Robin
   421 | D:3      | Reached XP level 4. HP: 36/40 MP: 3/3
   796 | D:2      | Killed Terence
   797 | D:2      | Reached XP level 5. HP: 38/47 MP: 4/4
  1136 | D:4      | Noticed an ogre
  1147 | D:4      | Killed an ogre
  1148 | D:4      | Reached skill level 5 in Armour
  1148 | D:4      | Reached skill level 1 in Dodging
  1157 | D:4      | Found Yceit's Book Emporium.
  1162 | D:4      | Reached XP level 6. HP: 34/53 MP: 5/5
  1391 | D:4      | Noticed Menkaure
  1395 | D:4      | Noticed Grinder
  1660 | D:4      | Reached skill level 5 in Long Blades
  1694 | D:4      | Paralysed by Grinder for 2 turns
  1712 | D:4      | Killed Grinder
  1713 | D:4      | Reached skill level 5 in Fighting
  1713 | D:4      | Reached XP level 7. HP: 23/61 MP: 6/6
  1817 | D:4      | Killed Menkaure
  2062 | D:4      | Noticed Edmund
  2083 | D:4      | Killed Edmund
  2134 | Abyss:2  | Cast into level 2 of the Abyss (unwielding a weapon of
                  | distortion)
  2136 | Abyss:2  | Found a corrupted altar of Lugonu.
  2144 | Abyss:2  | Became a worshipper of Lugonu the Unformed
  2144 | Abyss:2  | Reached * piety under Lugonu
  2144 | Abyss:2  | Reached ** piety under Lugonu
  2156 | D:4      | Escaped the Abyss
  2262 | D:5      | Entered Level 5 of the Dungeon
  2318 | D:5      | Reached skill level 1 in Maces & Flails
  2319 | D:5      | Reached XP level 8. HP: 67/69 MP: 7/7
  2370 | D:5      | Reached skill level 1 in Stealth
  2376 | D:5      | Reached skill level 5 in Shields
  2784 | D:5      | Reached skill level 1 in Invocations
  2840 | D:5      | Found a staircase to the Ecumenical Temple.
  2848 | Temple   | Entered the Ecumenical Temple
  3574 | D:6      | Found Paessaup's Distillery.
  3747 | D:6      | HP: 3/71 [poisoned by a killer bee]
  3749 | D:6      | HP: 1/71 [poisoned by a killer bee]
  3751 | D:6      | Succumbed to a killer bee's poison

Illustrated notes

Levels and vault maps discovered:
D:1:      psy_arrival_terrarium, layout_basic,
          hellmonk_ecumenical_altar_arch_garden, hangedman_decor_riveting
D:2:      minmay_spotlight, layout_loops_ring, uniq_crazy_yiuf_cottage,
          uniq_terence
D:3:      minmay_bubble_buster, layout_rooms, serial_shops, shop,
          nicolae_shop_overgrown_old_shop, uniq_robin
D:4:      layout_rooms, serial_shops, shop, uniq_grinder, uniq_menkaure,
          uniq_edmund
D:5:      nicolae_BIG_FREAKIN_CUBE, layout_gridville,
          minmay_temple_entry_butterflies
D:6:      minmay_flawed_box, layout_loops_corners, nicolae_ossuary_entry_ruins,
          serial_shops, shop
Temple:   mainiacjoe_temple_starburst

Skill      XL: |  1  2  3  4  5  6  7  8 |
---------------+-------------------------+-----
Armour         | 4 5 6 7 |  7.4
Fighting       | 4 5 6 |  6.3
Shields        | 4 5 |  5.3
Long Blades    | 3 4 6 7 |  7.6
Dodging        | 1 2 3 |  3.0
Maces & Flails | 1 4 |  4.8
Stealth        | 1 |  1.6
Invocations    | 1 |  1.6

Action                     |  1- 3 |  4- 6 |  7- 9 || total
---------------------------+-------+-------+-------++-------
  Melee: Long sword        |    68 |   116 |    20 ||   204
         Headbutt          |    16 |    18 |    24 ||    58
         Dire flail        |       |       |    80 ||    80
 Invoke: Depart the Abyss  |       |       |     1 ||     1
         Banish            |       |       |     2 ||     2
    Use: Scroll            |       |     6 |       ||     6
         Potion            |       |       |     4 ||     4
 Armour: Scale mail        |    34 |   104 |   108 ||   246
         Ring mail         |       |       |    14 ||    14
  Dodge: Dodged            |    22 |    46 |    77 ||   145
  Block: Buckler           |    17 |    25 |     3 ||    45

Table legend: (Time is in decaauts)
 A = Elapsed time spent in this place.
 B = Non-inter-level travel time spent in this place.
 C = Inter-level travel time spent in this place.
 D = Time resting spent in this place.
 E = Time spent auto-exploring this place.
 F = Levels seen in this place.
 G = Mean time per level.
                   A        B        C        D        E       F      G
               +--------+--------+--------+--------+--------+-----+--------+
         Total |   3803 |    862 |   2941 |      0 |      0 |   8 |  475.4 |
       Dungeon |   3495 |    841 |   2654 |      0 |      0 |   6 |  582.5 |
        Temple |    288 |      1 |    287 |      0 |      0 |   1 |  288.0 |
         Abyss |     19 |     19 |      0 |      0 |      0 |   1 |   19.0 |
               +--------+--------+--------+--------+--------+-----+--------+

Top non-repeatable levels by time:
     D:3: 1091 daAuts
     D:5: 1020 daAuts
     D:4: 713 daAuts
  Temple: 288 daAuts
     D:2: 260 daAuts
     D:1: 229 daAuts
     D:6: 180 daAuts
 Abyss:2: 19 daAuts
